Map: Tokamak LE

Players

rezANANAS

  • Race: Zerg Zerg
  • League: Diamond
  • Spawn Location: 1:00

ManlyManMeat - Winner!

  • Race: Zerg Zerg
  • League: Platinum
  • Spawn Location: 7:00

VOD

Have the link to the VOD?

Description

Time

  • Played on: June 20, 2025, 5:50 a.m.
  • Length: 8:07
Show
View Real Time Build Order
Export as new Build Order

rezANANAS Zerg 

Build Orders: Hatch First 

Get SALT Encoding   

  12  0:00  Drone  
  13  0:12  Overlord  
  13  0:18  Drone  
  14  0:30  Drone x2  
  16  0:49  Hatchery  
  15  0:51  Drone  
  15  0:54  Drone  
  17  0:58  Drone  
  18  1:09  Extractor  
  17  1:14  Spawning Pool  
  17  1:16  Drone  
  17  1:19  Drone  
  18  1:29  Drone  
  19  1:43  Drone  
  20  1:50  Overlord  
  20  2:02  Queen x2  
  20  2:08  Drone x2  
  26  2:13  Metabolic Boost  
  26  2:18  Drone x2  
  28  2:25  Drone x2  
  28  2:28  Spine Crawler  
  29  2:32  Zergling x2  
  29  2:35  Zergling x2  
  31  2:44  Zergling x4  
  33  2:50  Baneling Nest  
  32  2:56  Zergling x4  
  34  3:08  Queen  
  34  3:13  Zergling x2  
  34  3:14  Zergling x2  
  34  3:16  Overlord  
  34  3:17  Overlord  
  33  3:38  Hatchery  
  33  3:41  Zergling x12  
  37  3:53  Zergling x2  
  37  3:54  Zergling x6  
  39  4:00  Baneling x2  
  39  4:01  Zergling x2  
  39  4:02  Evolution Chamber  
  39  4:09  Drone  
  41  4:10  Drone  
  33  4:34  Drone x7  
  33  4:37  Zerg Missile Weapons Level 1  
  39  4:42  Roach Warren  
  38  4:48  Baneling  
  38  4:49  Baneling x2  
  38  4:50  Zergling x2  
  39  4:58  Drone x4  
  41  5:18  Zergling x2  
  41  5:19  Zergling x16  
  49  5:26  Zergling x2  
  49  5:27  Zergling x2  
  49  5:28  Queen  
  51  5:35  Extractor x2  
  51  5:36  Roach x2  
  51  5:40  Roach  
  51  5:42  Evolution Chamber  
  50  5:54  Roach x4  
  55  6:03  Drone x2  
  54  6:11  Roach  
  54  6:12  Roach  
  56  6:20  Overlord  
  56  6:21  Overlord  
  56  6:31  Spore Crawler, Queen  
  57  6:33  Spore Crawler  
  46  7:00  Roach  
  46  7:01  Roach x9  
  65  7:04  Drone  
  65  7:16  Drone  
  65  7:20  Overlord  
  64  7:35  Roach  
  64  7:36  Drone  
  66  7:37  Overlord  
  66  7:38  Overlord  
Show
View Real Time Build Order
Export as new Build Order

ManlyManMeat Zerg - Winner!

Build Orders: Hatch First, Zergling Baneling 

Get SALT Encoding   

  12  0:00  Drone  
  13  0:12  Overlord  
  13  0:18  Drone  
  14  0:31  Drone x2  
  16  0:47  Hatchery  
  16  0:50  Drone  
  16  1:04  Spawning Pool  
  16  1:06  Extractor  
  16  1:09  Drone  
  15  1:12  Drone  
  15  1:15  Drone  
  17  1:24  Drone  
  18  1:33  Overlord  
  18  1:42  Drone  
  19  1:51  Queen  
  21  1:58  Queen  
  21  2:00  Zergling x2  
  24  2:02  Zergling x2  
  25  2:11  Zergling x4  
  27  2:22  Drone x2  
  29  2:24  Metabolic Boost  
  29  2:30  Baneling Nest  
  28  2:52  Drone x2  
  30  3:00  Hatchery  
  28  3:08  Zergling x4  
  28  3:09  Zergling x6  
  31  3:14  Baneling  
  31  3:15  Baneling  
  31  3:17  Drone  
  31  3:18  Drone  
  33  3:24  Zergling x4  
  35  3:29  Baneling  
  35  3:36  Drone  
  35  3:54  Drone  
  35  3:55  Overlord x2  
  36  3:59  Evolution Chamber  
  35  4:08  Baneling  
  35  4:09  Baneling  
  35  4:28  Drone x5  
  35  4:29  Drone x2  
  39  4:34  Zergling x2  
  39  4:35  Zergling x12  
  46  4:39  Queen  
  46  4:41  Overlord  
  48  4:47  Zergling x4  
  50  4:53  Baneling x5  
  50  4:54  Zergling x2  
  51  5:00  Baneling x2  
  51  5:01  Baneling  
  43  5:24  Zergling x24  
  43  5:27  Zerg Melee Weapons Level 1  
  54  5:38  Drone x6  
  56  5:53  Zergling x6  
  58  6:03  Baneling x5  
  58  6:04  Baneling  
  56  6:13  Zergling x16  
  56  6:14  Zergling x8  
  62  6:22  Zergling x6  
  65  6:32  Overlord x3  
  65  6:33  Overlord  
  59  6:48  Zergling x12  
  59  6:49  Zergling x4  
  61  6:55  Zergling x4  
  56  7:11  Roach Warren  
  56  7:13  Zergling x10  
  56  7:14  Zergling x12  
  66  7:34  Zergling x26  
  78  7:49  Zergling x6  
Tags
 
Add a new tag
Caveats
  • Supply blocks, unpowered buildings, or Contaminate may cause inaccurate times.
  • Supply counts are checked every 10 seconds.